 Dungeon Sprint DCSS version 0.29.1-2-gbd0b4ee654 (webtiles) character file.

Game seed: 4685751667335554511

54 boopmooplesden the Cleaver (level 7, -22/78 HPs)
             Began as a Minotaur Berserker on Nov 21, 2022.
             Was an Elder of Trog.
             Annihilated by a two-headed ogre
             ... wielding a +0 dire flail
              (33 damage)
             ... in the Dungeon (Sprint VI: "Thunderdome").
             The game lasted 00:02:58 (460 turns).

boopmooplesden the Cleaver (Minotaur Berserker)      Turns: 460, Time: 00:02:58

Health: -22/78     AC:  2    Str: 26    XL:     7   Next: 90%
Magic:  15/15      EV: 13    Int:  6    God:    Trog [****..]
Gold:   91         SH:  2    Dex:  9    Spells: 6/6 levels left

rFire   + . .      SeeInvis .   a - +0 hand axe
rCold   + + .      Faith    +   p - +0 buckler
rNeg    . . .      Spirit   .   b - +0 animal skin
rPois   +          Reflect  .   (helmet restricted)
rElec   .          Harm     .   (no cloak)
rCorr   .          Rampage  +   (no gloves)
Will    .....      NoTele   +   (no boots)
Stlth   +++.......              m - amulet "Wuvvimue" {Faith Rampage Will+ Str+2}
HPRegen 0.23/turn               n - ring "Idimp" {rPois rC++ Will- MP+9 Int+2}
MPRegen 0.14/turn               o - ring of the Stallion {rPois rF+ Stlth+}

@: on berserk cooldown
A: horns 2, retaliatory headbutt
a: Renounce Religion, Berserk, Trog's Hand, Brothers in Arms


You were in the Dungeon.
You worshipped Trog.
Trog was greatly pleased with you.
You visited 1 branch You collected 280 gold pieces.
You spent 189 gold pieces at shops.

Inventory:

Hand Weapons
 a - a +0 hand axe (weapon)
 q - a +2 vorpal scythe
Armour
 b - a +0 animal skin (worn)
 p - a +0 buckler (worn)
Jewellery
 m - the amulet "Wuvvimue" (around neck) {Faith Rampage Will+ Str+2}
   (You bought it in a shop in the Dungeon)

   [amulet of faith]

   It allows you to gain divine favour quickly.
   Str:       It affects your strength (+2).
   Rampage:   It bestows one free step when moving towards enemies.
   Will:      It increases your willpower.
 n - the ring "Idimp" (left hand) {rPois rC++ Will- MP+9 Int+2}
   (You bought it in a shop in the Dungeon)

   [ring of poison resistance]

   Int:       It affects your intelligence (+2).
   rC:        It greatly protects you from cold.
   rPois:     It protects you from poison.
   MP:        It affects your magic capacity (+9).
   Will:      It decreases your willpower.
 o - the ring of the Stallion (right hand) {rPois rF+ Stlth+}
   (You bought it in a shop in the Dungeon)

   [ring of poison resistance]

   rF:        It protects you from fire.
   rPois:     It protects you from poison.
   Stlth:     It makes you more stealthy.
Wands
 j - a wand of light (5)
 k - a wand of iceblast (5)
 r - a wand of polymorph (12)
Scrolls
 h - 4 scrolls of blinking
 l - 3 scrolls of butterflies
Potions
 c - a potion of curing
 d - 4 potions of heal wounds
 e - 4 potions of haste
 f - 2 potions of magic
 g - a potion of berserk rage
 i - a potion of resistance


   Skills:
 + Level 12.8 Fighting
 + Level 14.1 Axes
 + Level 6.2 Armour
 + Level 6.2 Dodging
 + Level 2.1 Stealth


You had 6 spell levels left.
You didn't know any spells.
Your spell library was empty.

Dungeon Overview and Level Annotations

Branches:
Dungeon (1/1)

Altars:
Cheibriados
Dithmenos
Fedhas
Gozag
Kikubaaqudgha
Makhleb
Okawaru
Qazlal
Ru
Sif Muna
Trog
Uskayaw
Vehumet
Wu Jian
Xom
Yredelemnul
Zin
The Shining One
Lugonu

Shops:
D *[??*?*:[((!!!!


Innate Abilities, Weirdness & Mutations

You have a pair of horns on your head.
You reflexively headbutt those who attack you in melee.


Message History

Trog appreciates your killing of a magic user.
Your Fighting skill gained 2 levels and is now at level 12!
Your Axes skill gained 3 levels and is now at level 14!
Your Armour skill increases to level 6!
Your Dodging skill increases to level 6!
Your Stealth skill gained 2 levels and is now at level 2!
You have reached level 7!
r - a wand of polymorph (12)
Things that are here:
a +0 giant club; a +0 robe You feel a strong urge to attack something.
You feel your anger nearly subside.
You are no longer berserk.
You are exhausted.
You feel yourself slow down.
Things that are here:
a +0 dagger; an orc skeleton A two-headed ogre comes into view.
It is wielding a +0 dire flail and a +0 giant club.
The two-headed ogre shouts in stereo! 50...
An ogre comes into view. It is wielding a +0 giant club.
The two-headed ogre attacks as you move away!
The two-headed ogre hits you with a +0 dire flail!!
The two-headed ogre barely misses you.
The ogre shouts!
You hit the two-headed ogre but do no damage.
The two-headed ogre misses you.
The two-headed ogre hits you with a +0 giant club!!
You fail to use your ability.
The two-headed ogre barely misses you.
The two-headed ogre hits you with a +0 giant club!
* * * LOW HITPOINT WARNING * * *
Unknown command.
Your ogre goes berserk!
Trog will no longer gift you weapons.
You feel yourself speed up.
The two-headed ogre hits you with a +0 dire flail!
* * * LOW HITPOINT WARNING * * *
You block the two-headed ogre's attack.
The two-headed ogre attacks as you move away!
The two-headed ogre hits you with a +0 dire flail!!
You die...

######)8.........8.####
##.___......###...)[.___
###∩........8.# #.8.......
##.............###.........
#⌠..........###...###......
#⌠..........# #.<.# #......
#⌠........O.###...###......
##.......O.....###.........
###∩.....@O.8.# #.8.......
##∩___......###......_._
######.8...÷.....8.####
#⌠...........⌠#
###.........### #_........#
#_......._# #_......._#
#∩.......∩#


You could see a two-headed ogre (ally target), an ogre and a friendly ogre
(summoned, berserk).

Vanquished Creatures
  Erolcha (D)
  Sigmund (D)
  2 ogres (D)
  An orc (D)
  A ball python (D)
  7 endoplasms (D)
  A rat (D)
14 creatures vanquished.

Notes
Turn   | Place    | Note
-------+----------+-------------------------------------------
     0 | D        | boopmooplesden the Minotaur Berserker began the quest for
                  | the Orb.
     0 | D        | Reached XP level 1. HP: 19/19 MP: 0/0
     0 | D        | Found a stormy altar of Qazlal.
     0 | D        | Found a glowing golden altar of the Shining One.
     5 | D        | Found a glowing silver altar of Zin.
     5 | D        | Found a hide-covered altar of Uskayaw.
     5 | D        | Round 1.
     6 | D        | Found an ancient bone altar of Kikubaaqudgha.
     6 | D        | Found a radiant altar of Vehumet.
     7 | D        | Found Tooxzure's Identification Station.
     7 | D        | Found a basalt altar of Yredelemnul.
     8 | D        | Found Lenyph's Advanced Armour.
     8 | D        | Found Tedu's Jewellery.
    25 | D        | Bought a faintly glowing iron amulet for 45 gold pieces
    25 | D        | Identified the amulet "Wuvvimue" {Faith Rampage Will+
                  | Str+2} (You bought it in a shop in the Dungeon)
    25 | D        | Bought a clouded turquoise ring for 45 gold pieces
    25 | D        | Identified the ring "Idimp" {rPois rC++ Will- MP+9 Int+2}
                  | (You bought it in a shop in the Dungeon)
    25 | D        | Bought a glittering bone ring for 45 gold pieces
    25 | D        | Identified the ring of the Stallion {rPois rF+ Stlth+} (You
                  | bought it in a shop in the Dungeon)
    34 | D        | Found an iron altar of Okawaru.
    36 | D        | Found a blossoming altar of Fedhas.
    38 | D        | Found Heoqih's Magic Scroll Shop.
    40 | D        | Found a sacrificial altar of Ru.
    40 | D        | Found an opulent altar of Gozag.
    40 | D        | Found Suhetaxt's Staff Store.
    40 | D        | Found Neopruar's Magic Scroll Shop.
    40 | D        | Found Daoky's Must-Have Magic.
    44 | D        | Found a shimmering blue altar of Sif Muna.
    45 | D        | Found a shadowy altar of Dithmenos.
    45 | D        | Noticed Sigmund
    46 | D        | Found a shimmering altar of Xom.
    47 | D        | Found Vaesun's Distillery.
    52 | D        | Reached skill level 4 in Axes
    52 | D        | Found Hezagep's Distillery.
    52 | D        | Found Bawni's Bottled Wisdom.
    53 | D        | Killed Sigmund
    53 | D        | Reached ** piety under Trog
    54 | D        | Reached skill level 8 in Axes
    54 | D        | Reached XP level 2. HP: 36/36 MP: 1/1
    54 | D        | Reached XP level 3. HP: 41/41 MP: 2/2
    54 | D        | Reached XP level 4. HP: 49/49 MP: 2/3
    54 | D        | Reached XP level 5. HP: 56/56 MP: 2/4
    76 | D        | Found a burning altar of Makhleb.
    76 | D        | Found a snail-covered altar of Cheibriados.
    77 | D        | Found a corrupted altar of Lugonu.
    77 | D        | Found Pytrosm's Premium Goods.
    77 | D        | Found Cayxihi's Weapon Rack.
    78 | D        | Found Ledaoxew's Miscellaneous Merchandise.
    78 | D        | Found Duacvyo's Basic Armour.
    80 | D        | Found a bloodstained altar of Trog.
    82 | D        | Found an ornate altar of the Wu Jian Council.
    83 | D        | Found Kiguof's Do-It-Yourself Clinic.
   116 | D        | Reached *** piety under Trog
   116 | D        | Arena points: 12 (+12) [x2]
   144 | D        | Bought a +0 buckler for 54 gold pieces
   183 | D        | Round 2.
   229 | D        | Reached skill level 9 in Axes
   268 | D        | Reached **** piety under Trog
   304 | D        | Arena points: 54 (+42) [x3]
   355 | D        | Round 3.
   356 | D        | Noticed an ogre
   360 | D        | Killed an ogre
   361 | D        | Reached skill level 10 in Axes
   361 | D        | Reached skill level 5 in Armour
   383 | D        | Noticed an ogre
   395 | D        | Killed an ogre
   396 | D        | Reached skill level 10 in Fighting
   396 | D        | Reached skill level 11 in Axes
   396 | D        | Reached skill level 5 in Dodging
   396 | D        | Reached XP level 6. HP: 57/67 MP: 5/5
   421 | D        | Noticed Erolcha
   429 | D        | Killed Erolcha
   429 | D        | Reached ***** piety under Trog
   430 | D        | Reached skill level 14 in Axes
   430 | D        | Reached XP level 7. HP: 78/78 MP: 6/6
   442 | D        | Noticed a two-headed ogre
   460 | D        | Annihilated by a two-headed ogre

Illustrated notes

Levels and vault maps discovered:
D:        arena_sprint

Skill      XL: |  1  2  3  4  5  6 |
---------------+-------------------+-----
Fighting       | 8 10 12 | 12.8
Axes           | 8 11 14 | 14.1
Armour         | 4 5 6 |  6.2
Dodging        | 4 5 6 |  6.2
Stealth        | 2 |  2.1

Action                   |  1- 3 |  4- 6 |  7- 9 || total
-------------------------+-------+-------+-------++-------
Melee: Hand axe          |     4 |    30 |     1 ||    35
       Headbutt          |     1 |     8 |       ||     9
Invok: Berserk           |     1 |     2 |       ||     3
       Brothers in Arms  |       |       |     1 ||     1
Armor: Animal skin       |       |     1 |       ||     1
Dodge: Dodged            |     1 |    10 |     3 ||    14
Block: Buckler           |       |       |     1 ||     1
